 Dungeon Crawl Stone Soup version 0.19-a0-1292-g796ee4d (webtiles) character file.

151 Leszczynek the Cudgeler (level 5, -2/75 HPs)
             Began as an Ogre Skald on Aug 30, 2016.
             Slain by an orc
             ... wielding a +0 club
              (3 damage)
             ... on level 5 of the Dungeon.
             The game lasted 00:07:36 (1585 turns).

Leszczynek the Cudgeler (Ogre Skald)                Turns: 1585, Time: 00:07:37

Health: -2/75      AC:  3    Str: 22    XL:     5   Next: 33%
Magic:  4/8        EV:  9    Int: 11    God:
Gold:   105        SH:  2    Dex: 10    Spells: 1 memorised, 7 levels left

rFire  . . .     SeeInvis +     a - +1 flail (holy)
rCold  . . .     Gourm    .     b - +0 robe
rNeg   . . .     Faith    .     (no shield)
rPois  .         Spirit   .     (helmet restricted)
rElec  .         Dismiss  .     (no cloak)
rCorr  .         Reflect  +     (gloves unavailable)
MR     .....     Harm     .     (boots unavailable)
Stlth  ..........               n - +2 amulet of reflection
                                (no ring)
                                (no ring)

@: berserking, drained, very quick
A: unfitting armour, hooves 1, see invisible, tough skin 1, wild magic 1
a: no special abilities


You were on level 5 of the Dungeon.
You were hungry.

You visited 1 branch of the dungeon, and saw 5 of its levels.

You collected 105 gold pieces.

Inventory:

Hand Weapons
 a - a +1 flail of holy wrath (weapon)
Armour
 b - a +0 robe (worn)
Jewellery
 n - a +2 amulet of reflection (around neck)
Scrolls
 e - a scroll of noise {unknown}
 j - a scroll of identify {unknown}
 k - a scroll of amnesia {unknown}
 v - 2 scrolls of magic mapping {unknown}
 w - a scroll of remove curse {unknown}
Potions
 i - a potion of resistance
 m - a potion of heal wounds {unknown}
 s - a potion of flight {unknown}
 t - a potion of might {unknown}
Books
 c - a book of Battle

   Spells                             Type                      Level
   a - Infusion                       Charms                       1
   b - Shroud of Golubria             Charms/Translocation         2
   c - Song of Slaying                Charms                       2
   d - Spectral Weapon                Hexes/Charms                 3
   e - Regeneration                   Charms/Necromancy            3
Comestibles
 d - 3 bread rations
 f - 2 meat rations
 h - 2 chunks of flesh
 l - a slice of pizza
 u - 2 beef jerkies


   Skills:
 - Level 2.6(2.5) Fighting
 * Level 6.4(6.3) Maces & Flails
 - Level 1.4(1.3) Dodging
 - Level 1.6(1.5) Stealth
 - Level 2.4(2.3) Spellcasting
 - Level 2.1(2.0) Charms


You had 7 spell levels left.
You knew the following spells:

 Your Spells              Type           Power        Failure   Level  Hunger
a - Infusion              Chrm           #...         21%         1    ##.....


Dungeon Overview and Level Annotations

Branches:
Dungeon (5/15)
 Temple: D:4-7

Altars:

Annotations:
D:3 centaur, Ijustatesigmund's ghost, amateur OpAs


Innate Abilities, Weirdness & Mutations

You are too large for most types of armour.
You have tough skin. (AC +1)
You have large cloven feet.
You have supernaturally acute eyesight. (SInv)
Your spells are a little harder to cast, but a little more powerful.


Message History

The orc is heavily wounded.
The orc hits you with a hand axe!
* * * LOW HITPOINT WARNING * * *
The orc hits you with a club.
* * * LOW HITPOINT WARNING * * *
Unknown command.
It was a potion of mutation.
You feel extremely strange.
Your vision sharpens.
You feel less in control of your magic.
Your feet thicken and deform.
The orc hits you with a hand axe.
* * * LOW HITPOINT WARNING * * *
The orc hits you with a club.
* * * LOW HITPOINT WARNING * * *
Unknown command.
It was a potion of berserk rage.
A red film seems to cover your vision as you go berserk!
You feel yourself moving faster!
You feel mighty! The orc barely misses you. The orc hits you with a club.
You die...

....# ..##.....#......#
.#'##...##...$.#......#
...............#......#
...............#......#
...............'......#
........##.....#))....#
.+########.....#......#
. #.....#oo....# .
.....o.#@.....# .
.......#......#
##.oo..#......#
#.....#......# #......#
+......# #......#
#......#


You could see 2 orcs.

Vanquished Creatures
  A hound (D:5)
  2 orc wizards (D:5)
  An adder (D:5)
  A howler monkey skeleton (D:5)
  2 oozes
  A worm (D:2)
  2 giant geckos
  7 orcs
  2 bats (D:1)
  3 giant cockroaches
  2 hobgoblins
  4 jackals
  2 quokkas
  2 kobolds
  A quokka zombie (D:5)
  A rat (D:3)
34 creatures vanquished.

Notes
Turn   | Place    | Note
-------+----------+-------------------------------------------
     0 | D:1      | Leszczynek the Ogre Skald began the quest for the Orb.
     0 | D:1      | Reached XP level 1. HP: 22/22 MP: 3/3
   113 | D:1      | Reached skill level 1 in Stealth
   124 | D:1      | Reached XP level 2. HP: 14/29 MP: 5/5
   340 | D:3      | Noticed a centaur
   461 | D:3      | Reached skill level 3 in Maces & Flails
   602 | D:3      | Reached XP level 3. HP: 31/36 MP: 3/6
   710 | D:3      | Noticed Ijustatesigmund's ghost (amateur OpAs)
   997 | D:4      | Reached skill level 4 in Maces & Flails
  1091 | D:5      | Entered Level 5 of the Dungeon
  1197 | D:5      | Reached XP level 4. HP: 35/44 MP: 2/7
  1213 | D:5      | HP: 4/44 [something/magic dart (7)]
  1219 | D:5      | Reached skill level 5 in Maces & Flails
  1469 | D:5      | Reached skill level 6 in Maces & Flails
  1469 | D:5      | Reached XP level 5. HP: 30/50 MP: 8/8
  1584 | D:5      | Gained mutation: You have supernaturally acute eyesight. (SInv) [potion of mutation]
  1584 | D:5      | Gained mutation: Your spells are a little harder to cast, but a little more powerful. [potion of mutation]
  1584 | D:5      | Gained mutation: You have large cloven feet. [potion of mutation]
  1584 | D:5      | HP: 3/50 [orc/hand axe (3)]
  1584 | D:5      | HP: 1/50 [orc/club (2)]
  1585 | D:5      | Slain by an orc

Vault maps used:
D:1:      lightli_arrival_statuegarden
D:4:      zin_academy, old_standard_altar, first_bread
D:5:      minivault_4, uniq_prince_ribbit1

Skill      XL: |  1  2  3  4 |
---------------+-------------+-----
Stealth        | 1 |  1.6
Maces & Flails | 3 4 6 |  6.4
Fighting       | |  2.6
Dodging        | |  1.4
Spellcasting   | |  2.4
Charms         | |  2.1

Action                   |  1- 3 |  4- 6 || total
-------------------------+-------+-------++-------
Melee: Mace              |    46 |       ||    46
       Flail             |    63 |    54 ||   117
 Cast: Infusion          |     8 |     2 ||    10
  Use: Potion            |       |     5 ||     5
 Stab: Sleeping          |     2 |       ||     2
  Eat: Chunk             |     1 |     2 ||     3
Armor: Robe              |    34 |    15 ||    49
       Skin              |       |     3 ||     3
Dodge: Dodged            |    59 |    33 ||    92
Block: Other             |     2 |     5 ||     7
